 Dungeon Crawl Stone Soup version 0.30-a0-1070-gd49b78fada (webtiles) character file.

Game seed: 12634970514288923346

37128 CryoSword the Spear-Bearer (level 14, -10/104 HPs)
             Began as a Formicid Fighter on Apr 12, 2023.
             Was a Believer of Kikubaaqudgha.
             Mangled by a blink frog (37 damage)
             ... on level 5 of the Lair of Beasts on Apr 13, 2023.
             The game lasted 00:39:00 (16855 turns).

CryoSword the Spear-Bearer (Formicid Fighter)      Turns: 16855, Time: 00:39:01

Health: -10/104    AC: 17    Str: 23    XL:     14   Next: 27%
Magic:  10/20      EV:  2    Int: 17    God:    Kikubaaqudgha [**....]
Gold:   957        SH:  0    Dex: 17    Spells: 13/21 levels left

rFire   . . .      SeeInvis +    w - +7 staff of the Meek {protect, meekguard}
rCold   . . .      Faith    .    c - +0 buckler
rNeg    . . .      Spirit   .    y - +7 ring mail "Umpoh" {Rampage Regen+ Dex+4}
rPois   .          Reflect  +    (helmet unavailable)
rElec   .          Rampage  +    f - +0 cloak
rCorr   +                        q - +0 pair of gloves
Will    +....                    K - +0 pair of boots
Stlth   +++                      b - amulet of reflection
HPRegen 1.17/turn                x - +6 ring of intelligence {=R}
MPRegen 0.17/turn                I - ring of resist corrosion

@: brilliant, sleeping
A: permanent stasis, dig shafts and tunnels, antennae 3, four strong arms
a: Dig, Shaft Self, Renounce Religion, Unearth Wretches


You were on level 5 of the Lair of Beasts.
You worshipped Kikubaaqudgha.
Kikubaaqudgha was pleased with you.
You visited 3 branches of the dungeon, and saw 19 of its levels.

You collected 957 gold pieces.

Inventory:

Hand Weapons
 a - a +1 trident of electrocution
 w - the +7 staff of the Meek (weapon) {protect, meekguard}
   (You found it on level 2 of the Lair of Beasts)
Missiles
 u - 8 boomerangs
 z - 21 poisoned darts
Armour
 c - a +0 buckler (worn)
 f - a +0 cloak (worn)
   (You found it on level 2 of the Dungeon)
 q - a +0 pair of gloves (worn)
   (You found it on level 3 of the Dungeon)
 y - the +7 ring mail "Umpoh" (worn) {Rampage Regen+ Dex+4}
   (You found it on level 5 of the Dungeon)

   Dex:       It affects your dexterity (+4).
   Regen:     It increases your rate of health regeneration.
   Rampage:   It bestows one free step when moving towards enemies.
 A - +0 acid dragon scales
   (You found it on level 6 of the Dungeon)
 J - the +6 ring mail "Raanewag" {rElec}
   (You found it on level 13 of the Dungeon)

   rElec:     It insulates you from electricity.
 K - a +0 pair of boots (worn)
   (You found it on level 13 of the Dungeon)
Jewellery
 b - an amulet of reflection (around neck)
   (You found it on level 5 of the Dungeon)
 e - a ring of protection from fire
   (You found it on level 1 of the Dungeon)
 g - an amulet of magic regeneration
   (You found it on level 5 of the Dungeon)
 x - a +6 ring of intelligence (left hand) {=R}
   (You found it on level 10 of the Dungeon)
 I - a ring of resist corrosion (right hand)
   (You found it on level 11 of the Dungeon)
 O - a ring of flight
   (You found it on level 4 of the Lair of Beasts)
 Q - a ring of fire
   (You found it on level 5 of the Lair of Beasts)
Wands
 m - a wand of flame (6) (quivered)
   (You took it off a gnoll sergeant on level 8 of the Dungeon)
 s - a wand of charming (27)
   (You found it on level 3 of the Dungeon)
 C - a wand of digging (12)
   (You found it on level 11 of the Dungeon)
 E - a wand of iceblast (18)
   (You took it off a centaur on level 8 of the Dungeon)
 F - a wand of mindburst (11)
   (You found it on level 8 of the Dungeon)
 G - a wand of quicksilver (24)
   (You found it on level 4 of the Dungeon)
Scrolls
 k - 6 scrolls of poison {!r}
 l - 2 scrolls of fear
 o - 2 scrolls of fog {unknown}
 B - a scroll of torment {!r}
 D - a scroll of enchant weapon
 H - 2 scrolls of enchant armour {unknown}
 P - 2 scrolls of identify {@r1}
Potions
 d - 3 potions of might
 h - 4 potions of curing {@q1}
 j - 2 potions of brilliance
 n - 2 potions of lignification {!q}
 p - a potion of resistance {unknown}
 r - a potion of flight {unknown}
 t - 2 potions of magic {unknown}
 v - a potion of invisibility {unknown}
 L - 2 potions of mutation {unknown}
 M - 2 potions of attraction {unknown}
 N - a potion of cancellation {unknown}


   Skills:
 - Level 7.8 Fighting
 - Level 14.0(14.5) Polearms
 * Level 6.5(11.1) Staves
 - Level 7.8 Armour
 - Level 3.6 Dodging
 - Level 8.3 Stealth
 - Level 9.4 Shields
 - Level 4.0 Spellcasting
 + Level 7.7 Hexes
 * Level 9.3 Necromancy
 + Level 2.3 Earth Magic


You had 13 spell levels left.
You knew the following spells:

 Your Spells              Type           Power      Damage    Failure   Level
a - Anguish               Hex/Necr       24%        N/A       9%          4
z - Animate Dead          Necr           52%        N/A       6%          4

Your spell library contained the following spells:

 Spells                   Type           Power      Damage    Failure   Level
 Necrotise                Necr           100%       1d9       1%          1
 Vampiric Draining        Necr           52%        2d9       1%          3
 Kiss of Death            Conj/Necr      100%       2d13      4%          1
 Ensorcelled Hibernation  Hex/Ice        48%        N/A       9%          2
 Agony                    Necr           52%        N/A       16%         5
 Summon Guardian Golem    Hex/Summ       24%        N/A       17%         3
 Beastly Appendage        Tmut           10%        N/A       26%         1
 Foxfire                  Conj/Fire      20%        2x1d5     26%         1
 Lesser Beckoning         Tloc           10%        N/A       38%         2
 Poisonous Vapours        Pois/Air       10%        N/A       38%         2
 Wereblood                Tmut           5%         N/A       38%         2
 Borgnjor's Vile Clutch   Necr/Erth      17%        N/A       56%         5
 Frozen Ramparts          Ice            10%        1d2       63%         3
 Gell's Gravitas          Tloc           5%         N/A       63%         3
 Mephitic Cloud           Conj/Pois/Air  5%         N/A       63%         3
 Spider Form              Tmut/Pois      5%         N/A       63%         3
 Teleport Other           Tloc           5%         N/A       63%         3
 Death Channel            Necr           26%        N/A       65%         6
 Ice Form                 Ice/Tmut       5%         N/A       95%         4
 Manifold Assault         Tloc           5%         N/A       95%         4
 Summon Ice Beast         Ice/Summ       5%         N/A       95%         4
 Fireball                 Conj/Fire      2%         3d4       100%        5
 Freezing Cloud           Conj/Ice/Air   2%         6-21      100%        5
 Dispersal                Tloc           2%         N/A       100%        6
 Plasma Beam              Fire/Air       2%         2x1d14    100%        6
 Starburst                Conj/Fire      2%         6d3       100%        6
 Orb of Destruction       Conj           2%         9d5       100%        7
 Spellforged Servitor     Conj/Summ      2%         N/A       100%        7
 Disjunction              Tloc           2%         N/A       100%        8


Dungeon Overview and Level Annotations

Branches:
Dungeon (13/15)            Temple (1/1) D:7            Lair (5/5) D:11
 Shoals (0/4) Lair:3        Snake (0/4) Lair:2        Slime (0/5) Lair:5
    Orc (0/2) D:10
 Vaults: D:13-14

Altars:
Ashenzari
Cheibriados
Dithmenos
Elyvilon
Fedhas
Gozag
Hepliaklqana
Kikubaaqudgha
Makhleb
Nemelex Xobeh
Okawaru
Qazlal
Ru
Sif Muna
Trog
Uskayaw
Vehumet
Wu Jian
Xom
Yredelemnul
Zin
The Shining One
Jiyva

Shops:
D:4 :   D:8 =   D:9 :

Annotations:
D:10 Gastronok
D:12 exclusion: downstairs
D:13 Jorgrun


Innate Abilities, Weirdness & Mutations

You cannot be hasted, slowed, berserked, paralysed or teleported.
You can dig through walls and to a lower floor.
You have a pair of large antennae on your head. (SInv)
Your four strong arms can wield two-handed weapons with a shield.


Message History

* * * LOW HITPOINT WARNING * * *
The blink frog blinks!
Your water moccasin zombie bites the blink frog.
The dream sheep attacks as you move away!
You block the dream sheep's attack. The black mamba barely misses you.
You block the dream sheep's attack.
Your water moccasin zombie bites the black mamba.
The blink frog blinks!
The dream sheep attacks as you move away!
The dream sheep barely misses you.
The black mamba attacks as you move away!
The black mamba bites you but does no damage.
The black mamba barely misses you.
The dream sheep attacks as you move away!
You block the dream sheep's attack.
The blink frog blinks!
The dream sheep are wreathed in dream dust.
You feel drowsy...
You fall asleep.
The black mamba bites you!!!
You wake up.
* * * LOW HITPOINT WARNING * * *
The black mamba is wracked by anguish!!!
The black mamba dies!
Kikubaaqudgha accepts your kill.
You feel much better. You block the blink frog's attack.
Okay, then.
You call upon the dead to rise.
The blink frog blinks!
You block the dream sheep's attack.
You sock the dream sheep!
Your weapon exudes an aura of protection.
The yak gores you but does no damage.
The dream sheep bites you but does no damage.
You closely miss the dream sheep. You bludgeon the dream sheep!!
You kill the dream sheep!
Kikubaaqudgha accepts your kill.
The dead are walking!
The yak gores you but does no damage. The yak attacks as you move away!
The yak gores you but does no damage.
The dream sheep shake their wool and sparkle.
You feel drowsy...
You fall asleep.
Your magical contamination has completely faded away.
The black mamba bites you!
You wake up.
* * * LOW HITPOINT WARNING * * *
You are poisoned.
The black mamba poisons you! You block the yak's attack.
Your dream sheep zombie completely misses the black mamba.
You feel clever all of a sudden.
You feel very sick. The black mamba closely misses you. The yak gores you!
* * * LOW HITPOINT WARNING * * *
The yak is wracked by anguish!
The black mamba bites you but does no damage.
Your dream sheep zombie bites the black mamba.
Unknown command.
You feel better. You block the black mamba's attack.
You block the yak's attack. The black mamba closely misses you.
Your dream sheep zombie barely misses the black mamba.
You feel much better. You block the black mamba's attack. The yak gores you!
* * * LOW HITPOINT WARNING * * *
The yak is wracked by anguish!
The black mamba bites you!
* * * LOW HITPOINT WARNING * * *
Your dream sheep zombie barely misses the black mamba.
You block the black mamba's attack.
You thump the black mamba!
Your weapon exudes an aura of protection.
The blink frog blinks!
The black mamba bites you but does no damage.
The blink frog blinks!
A yak comes into view.
You feel a surge of power!
The blink frog resists with some effort.
The dream sheep is haunted by guilt!
The dream sheep resists with some effort.
The yak is haunted by guilt!
The black mamba is haunted by guilt!
The black mamba barely misses you.
The blink frog blinks!
The dream sheep shake their wool and sparkle.
You feel drowsy...
You fall asleep.
The black mamba bites you!!
You wake up.
* * * LOW HITPOINT WARNING * * *
You are lethally poisoned!
The black mamba poisons you!
The black mamba is wracked by anguish!!
You feel better.
The black mamba bites you but does no damage.
The blink frog blinks!
The black mamba bites you!
* * * LOW HITPOINT WARNING * * *
You are lethally poisoned!
The black mamba poisons you!
The black mamba is wracked by anguish!
You feel better. You block the black mamba's attack.
The blink frog blinks!
The black mamba barely misses you.
Okay, then.
As you read the scroll of fear, it crumbles to dust.
You assume a fearsome visage.
The dream sheep looks frightened!
The dream sheep panics and turns to flee.
The dream sheep looks frightened!
The dream sheep bleats in terror.
The dream sheep looks frightened!
The dream sheep stampedes away.
The yak looks frightened!
The black mamba looks frightened!
A yak comes into view.
Kikubaaqudgha accepts your kill.
You feel a bit more experienced.
Your Earth Magic skill increases to level 2!
Kikubaaqudgha accepts your kill.
Kikubaaqudgha is now protecting you from necromantic miscasts and death curses.
You feel a bit more experienced. The black mamba bites you.
* * * LOW HITPOINT WARNING * * *
The black mamba is wracked by anguish.
You sock the black mamba!
Your weapon exudes an aura of protection.
You kill the black mamba!
Kikubaaqudgha accepts your kill.
The dead are slithering!
Your reaping aura is weakening.
The dream sheep ruffles its wool and motes of dream dust sparkle, to no effect.
The blink frog blinks!
The blink frog blinks!
The dream sheep shake their wool and sparkle.
You feel drowsy...
You fall asleep.
The yak is no longer haunted by guilt.
Your reaping aura expires.
The yak closely misses your black mamba zombie.
The yak gores your black mamba zombie!
The yak is wracked by anguish!
The yak gores your black mamba zombie!
The yak barely misses your black mamba zombie.
The dream sheep bites you!
You wake up.
* * * LOW HITPOINT WARNING * * *
The blink frog is no longer haunted by guilt.
Your black mamba zombie bites the yak!
The yak gores your black mamba zombie.
The yak is wracked by anguish.
The yak gores your black mamba zombie!!
The blink frog blinks!
Your black mamba zombie bites the yak!
The blink frog blinks!
Your black mamba zombie barely misses the yak.
The yak gores your black mamba zombie!
The yak is wracked by anguish!
Your black mamba zombie bites the yak!
The yak dies!
Kikubaaqudgha accepts your kill.
Your black mamba zombie barely misses the yak.
The blink frog blinks!
Your black mamba zombie bites the yak!
The yak dies!
Kikubaaqudgha accepts your kill.
The dream sheep attacks as you move away!
You block the dream sheep's attack.
The blink frog blinks!
Your black mamba zombie barely misses the blink frog.
The dream sheep ruffle their wool and motes of dream dust sparkle, to no effect.
The dream sheep are wreathed in dream dust.
You feel drowsy...
You fall asleep.
The dream sheep bites you but does no damage.
The blink frog closely misses your black mamba zombie.
The blink frog hits you!!!
You die...
Kikubaaqudgha rasps: "You have failed me!
Welcome... death!"

###.# ..# #.# .. .#### .... . ..
. ####### #... #....# ##....##
.##..######....# #######
......P##...P.#...##....###.....#
~~~..P..#.........##{...P#......#
≈≈~...P..........P.#....PP.....##
≈≈~~..###........F.#............#
~≈≈~..##........@YY..YY.###....†#
~≈≈≈~~.#....##.###.Y....†..####.#
~≈≈~~~##.....P.####..§Z..##.##..#
≈≈≈~.####......##..#.Y.F.......{.
~~~~..............{...Y.......Y§.
~~~..........†...................
.........†.<.....................
.................................
...............................Y.


You could see a yak, 2 blink frogs, 6 dream sheep and a friendly black mamba
zombie.

Vanquished Creatures
  3 hydras
  2 catoblepae
  4 boulder beetles
  3 two-headed ogres
  Amaemon (Lair:1)
  An ugly thing (D:13)
  A manticore (D:13)
  5 black mambas
  3 cyclopes
  Joseph (D:9)
  A merfolk siren (Lair:3)
  2 torpor snails (Lair:2)
  7 cane toads
  A kobold demonologist (D:11)
  6 komodo dragons
  Maggie (D:9)
  2 polar bears
  4 trolls
  Prince Ribbit (D:5)
  11 blink frogs
  4 dream sheep
  2 wraiths (D:10)
  6 wyverns
  27 yaks
  2 steam dragons (D:8)
  6 basilisks
  2 vampire mosquitoes (D:11)
  An acid dragon (D:6)
  13 water moccasins
  A swamp drake (D:11)
  A black bear (D:6)
  4 orc warriors
  2 ice beasts
  5 sky beasts
  2 ogres
  3 centaurs
  11 wolves
  A kobold brigand (D:8)
  A gnoll sergeant (D:8)
  7 bullfrogs
  6 earth elementals (D:13)
  4 scorpions
  4 wights (D:9)
  6 killer bees (D:9)
  3 howler monkeys (D:11)
  4 jellies
  3 hounds
  3 orc priests
  A sleepcap (D:7)
  3 iguanas
  3 hell rats (Lair:4)
  3 orc wizards
  5 gnolls
  9 adders
  A white imp (D:6)
  26 orcs
  3 bats (D:1)
  3 endoplasms
  2 giant cockroaches (D:3)
  4 goblins
  6 hobgoblins
  7 jackals
  5 quokkas
  8 ball pythons
  3 frilled lizards
  5 kobolds
  7 rats
298 creatures vanquished.

Vanquished Creatures (collateral kills)
  Fannar (Lair:2)
  A black mamba (Lair:3)
  2 cane toads
  An orange demon (Lair:1)
  A rime drake (Lair:5)
  A dream sheep (Lair:4)
  A blink frog (Lair:3)
  5 yaks
  2 basilisks
  A water moccasin (Lair:4)
  A jelly (Lair:5)
  3 hell rats (Lair:4)
20 creatures vanquished.

Vanquished Creatures (others)
  A hydra (Lair:5)
  A boulder beetle (Lair:2)
  A black mamba (Lair:5)
  A komodo dragon (Lair:5)
  A blink frog (Lair:2)
  2 polar bears
  2 dream sheep (Lair:4)
  A wyvern (D:11)
  2 yaks
  A water moccasin (Lair:5)
  2 dream sheep zombies
  A komodo dragon zombie (Lair:5)
  2 water moccasin zombies
  A yak zombie (Lair:3)
  A polar bear zombie (Lair:5)
  30 fungi
  49 plants
  A withered plant (Lair:5)
100 creatures vanquished.

Grand Total: 418 creatures vanquished

Notes
Turn   | Place    | Note
-------+----------+-------------------------------------------
     0 | D:1      | CryoSword the Formicid Fighter began the quest for the Orb.
     0 | D:1      | Reached XP level 1. HP: 18/18 MP: 1/1
   142 | D:1      | Reached XP level 2. HP: 24/24 MP: 2/2
   409 | D:1      | Found a faded altar of an unknown god.
   441 | D:1      | Reached skill level 3 in Polearms
   850 | D:2      | Found a shimmering blue altar of Sif Muna.
   861 | D:2      | Reached XP level 3. HP: 28/29 MP: 3/3
  1031 | D:2      | Reached skill level 4 in Polearms
  1031 | D:2      | Reached XP level 4. HP: 32/35 MP: 4/4
  1471 | D:3      | Found a snail-covered altar of Cheibriados.
  1680 | D:3      | Reached XP level 5. HP: 41/41 MP: 5/5
  1873 | D:3      | Reached skill level 5 in Polearms
  2206 | D:4      | Found a shadowy altar of Dithmenos.
  2289 | D:4      | Found Fafiumio's Book Emporium.
  2298 | D:3      | Reached XP level 6. HP: 30/47 MP: 6/6
  2447 | D:4      | Reached skill level 6 in Polearms
  2602 | D:4      | Found a glowing silver altar of Zin.
  2706 | D:4      | Found a stormy altar of Qazlal.
  3040 | D:4      | Found a burning altar of Makhleb.
  3040 | D:4      | Found a broken altar of Ashenzari.
  3079 | D:5      | Entered Level 5 of the Dungeon
  3165 | D:5      | Reached XP level 7. HP: 48/52 MP: 7/7
  3176 | D:5      | Reached skill level 7 in Polearms
  3246 | D:5      | Identified the +7 ring mail "Umpoh" {Rampage Regen+ Dex+4}
  3333 | D:5      | Noticed Prince Ribbit
  3356 | D:5      | Killed Prince Ribbit
  3417 | D:5      | Reached skill level 8 in Polearms
  3424 | D:5      | Reached XP level 8. HP: 52/58 MP: 8/8
  3488 | D:5      | Reached skill level 9 in Polearms
  3533 | D:5      | Identified the staff of fire "Ododot" {+Blink rF+ Int+9}
  4049 | D:6      | Reached skill level 10 in Polearms
  4128 | D:6      | Reached XP level 9. HP: 64/64 MP: 9/9
  4151 | D:6      | Found a radiant altar of Vehumet.
  4242 | D:6      | Reached skill level 11 in Polearms
  4296 | D:6      | Found a sacrificial altar of Ru.
  5008 | D:7      | Found a staircase to the Ecumenical Temple.
  5017 | Temple   | Entered the Ecumenical Temple
  5290 | D:7      | Reached skill level 12 in Polearms
  6146 | D:8      | Reached skill level 13 in Polearms
  6146 | D:8      | Reached XP level 10. HP: 61/65 MP: 10/10
  6234 | D:8      | Found Kyoppop's Jewellery Emporium.
  6797 | D:9      | Noticed Maggie
  6824 | D:9      | Killed Maggie
  6825 | D:9      | Reached skill level 14 in Polearms
  6825 | D:9      | Reached skill level 1 in Stealth
  6838 | D:9      | Noticed Joseph
  6855 | D:9      | Killed Joseph
  6976 | D:9      | Found a white marble altar of Elyvilon.
  7234 | D:9      | Reached skill level 5 in Shields
  7440 | D:9      | Reached skill level 5 in Fighting
  7440 | D:9      | Reached skill level 5 in Armour
  7440 | D:9      | Reached XP level 11. HP: 63/79 MP: 11/11
  7575 | D:9      | Found Coopimm's Book Emporium.
  7820 | D:10     | Entered Level 10 of the Dungeon
  7820 | D:10     | Noticed a two-headed ogre
  7950 | D:9      | Reached skill level 5 in Stealth
  8171 | D:10     | Found a staircase to the Orcish Mines.
  8376 | D:10     | Found an ancient bone altar of Kikubaaqudgha.
  8425 | D:10     | Became a worshipper of Kikubaaqudgha
  8515 | D:10     | Noticed Gastronok
  8585 | D:10     | Found a basalt altar of Yredelemnul.
  8649 | D:10     | Killed a two-headed ogre
  8650 | D:10     | Reached skill level 1 in Dodging
  9110 | D:11     | Noticed a boulder beetle
  9139 | D:11     | Killed a boulder beetle
  9345 | D:11     | Identified the +1 leather armour of the Orange Skies {rElec
                  | Str-3 Int+4}
  9352 | D:11     | You fall into a shaft and drop 2 floors!
  9355 | D:13     | Noticed a manticore
  9369 | D:13     | Killed a manticore
  9390 | D:13     | Noticed a brown ugly thing
  9419 | D:13     | Killed a brown ugly thing
  9469 | D:13     | Noticed a boulder beetle
  9469 | D:13     | Noticed a two-headed ogre
  9469 | D:13     | Noticed a boulder beetle
  9749 | D:13     | Noticed a cyclops
  9910 | D:13     | Noticed a cyclops
  9917 | D:13     | Killed a cyclops
  9921 | D:13     | Killed a cyclops
  9922 | D:13     | Reached XP level 12. HP: 91/91 MP: 12/12
  9928 | D:13     | Noticed a catoblepas
  9954 | D:13     | Killed a catoblepas
 10059 | D:13     | Killed a two-headed ogre
 10088 | D:13     | Killed a boulder beetle
 10165 | D:13     | Identified the +6 ring mail "Raanewag" {rElec}
 10223 | D:13     | Noticed Jorgrun
 10821 | D:11     | Reached * piety under Kikubaaqudgha
 10821 | D:11     | Received a gift from Kikubaaqudgha
 10827 | D:11     | Learned a level 4 spell: Anguish
 10832 | D:11     | Learned a level 4 spell: Animate Dead
 10846 | D:11     | Noticed a boulder beetle
 10873 | D:11     | Killed a boulder beetle
 10874 | D:11     | Reached skill level 1 in Hexes
 10874 | D:11     | Reached skill level 1 in Necromancy
 10905 | D:11     | Noticed a two-headed ogre
 10920 | D:11     | Killed a two-headed ogre
 10921 | D:11     | Reached skill level 1 in Spellcasting
 11785 | D:11     | Found a staircase to the Lair.
 11859 | Lair:1   | Entered Level 1 of the Lair of Beasts
 12293 | Lair:1   | Reached XP level 13. HP: 67/98 MP: 17/17
 12322 | Lair:1   | Reached skill level 5 in Necromancy
 12543 | Lair:1   | Noticed Amaemon
 12617 | Lair:1   | Killed Amaemon
 13110 | Lair:2   | Found a snail-covered altar of Cheibriados.
 13125 | Lair:2   | Reached skill level 5 in Hexes
 13283 | Lair:2   | Found a staircase to the Snake Pit.
 13390 | Lair:2   | Found the +7 staff of the Meek {protect, meekguard}
 13455 | Lair:2   | Reached skill level 1 in Staves
 13804 | Lair:2   | Noticed Fannar
 13839 | Lair:2   | Killed Fannar
 13888 | Lair:2   | Found a staircase to the Snake Pit.
 14176 | Lair:2   | Found a snail-covered altar of Cheibriados.
 14518 | Lair:3   | Noticed an eight-headed hydra
 14536 | Lair:3   | Killed an eight-headed hydra
 15316 | Lair:3   | Found a staircase to the Shoals.
 15621 | Lair:4   | Noticed a catoblepas
 15640 | Lair:4   | Killed a catoblepas
 15674 | Lair:4   | Noticed a four-headed hydra
 15683 | Lair:4   | Killed a four-headed hydra
 15684 | Lair:4   | Reached skill level 5 in Staves
 15946 | Lair:4   | Reached XP level 14. HP: 104/104 MP: 20/20
 16472 | Lair:5   | Entered Level 5 of the Lair of Beasts
 16685 | Lair:5   | Reached skill level 1 in Earth Magic
 16798 | Lair:5   | Found a staircase to the Slime Pits.
 16798 | Lair:5   | Found a viscous altar of Jiyva.
 16831 | Lair:5   | HP: 2/104 [black mamba (18)]
 16837 | Lair:5   | Reached ** piety under Kikubaaqudgha
 16855 | Lair:5   | Mangled by a blink frog

Illustrated notes

Levels and vault maps discovered:
D:1:      lightli_arrival_farm, layout_loops_ring, basic_ecumenical_altar
D:2:      layout_basic, basic_altar
D:3:      layout_basic, overflow_temple_1_default, hex_medium
D:4:      layout_rooms, nicolae_dithmenos_the_darkroom,
          nicolae_qazlal_general_emergency, kennysheep_mini,
          nicolae_overflow_two_pavilions, serial_shops, nicolae_shop_stone
D:5:      layout_loops_ring, chequers_big_river, uniq_prince_ribbit1
D:6:      layout_gridville, nicolae_ru_awakened_eye, mainiacjoe_overflow_paths
D:7:      layout_basic, temple_statues
D:8:      layout_cave_pods, minmay_shop_enchanted_jewellery,
          minmay_fractal_squares_5
D:9:      layout_roguey, mainiacjoe_overflow_alcove_4, serial_shops,
          nicolae_shop_window_shopping, kennysheep_generic_room_5, uniq_maggie,
          uniq_joseph
D:10:     layout_irregular_city, mainiacjoe_overflow_concentric_impassable,
          kiku_gazebo_garden_becter, nrook_loot_triangle, uniq_gastronok
D:11:     layout_basic, erik_lair_dragon, serial_corexii_hall,
          corexii_hall_statues_i, corexii_hall_statues_x,
          corexii_hall_statues_i, corexii_hall_statues_l,
          corexii_hall_statues_i, chequers_hall_statues_wall_a
D:12:     layout_cave_pods, special_room [special_room_orc]
D:13:     layout_roguey, hangedman_vaults_entry_quadrant_bands,
          hangedman_cracks_in_the_wall, uniq_jorgrun
Temple:   grunt_temple_mini_profane
Lair:1:   layout_regular_city, minivault_26, cheibrodos_lair_caveside_slide,
          uniq_amaemon
Lair:2:   layout_misc_corridors, dummy_snake_entry, minmay_holes,
          kennysheep_snail_temple, uniq_fannar
Lair:3:   layout_chaotic_city, minmay_shoals_entry_lonely_mermaid
Lair:4:   layout_cave_pods, lemuel_fruit_fields
Lair:5:   due_jungle_book, layout_regular_city, nicolae_slime_entry_slimehenge,
          infiniplex_staircase_pool_2, grunt_megastairs_2

Skill      XL: |  1  2  3  4  5  6  7  8  9 10 11 12 13 14 |
---------------+-------------------------------------------+-----
Polearms       | 3 4 5 6 8 10 13 14 | 14.0
Stealth        | 4 7 8 |  8.3
Fighting       | 5 7 |  7.8
Armour         | 5 7 |  7.8
Shields        | 6 8 9 |  9.4
Dodging        | 2 3 |  3.6
Hexes          | 3 7 |  7.7
Necromancy     | 4 8 9 |  9.3
Spellcasting   | 3 4 |  4.0
Staves         | 5 6 |  6.5
Earth Magic    | 2 |  2.3

Action                     |  1- 3 |  4- 6 |  7- 9 | 10-12 | 13-15 || total
---------------------------+-------+-------+-------+-------+-------++-------
  Melee: Trident           |    81 |   187 |   298 |  1071 |   143 ||  1780
         Quarterstaff      |       |       |       |       |   279 ||   279
  Throw: Dart              |       |     2 |    18 |    40 |     1 ||    61
         Boomerang         |       |       |     4 |       |       ||     4
   Cast: Anguish           |       |       |       |       |    13 ||    13
         Animate Dead      |       |       |       |       |     6 ||     6
 Invoke: Unearth Wretches  |       |       |       |       |     4 ||     4
Ability: Dig               |       |       |     1 |     4 |       ||     5
  Evoke: Wand              |       |       |       |    10 |     2 ||    12
    Use: Scroll            |     3 |     2 |     4 |    10 |     1 ||    20
         Potion            |       |     1 |       |     3 |     7 ||    11
   Stab: Sleeping          |       |       |       |     7 |    11 ||    18
         Distracted        |       |       |       |     3 |     4 ||     7
         Paralysed         |       |       |       |       |     6 ||     6
 Armour: Scale mail        |    27 |    60 |     6 |       |       ||    93
         Ring mail         |       |       |    70 |   195 |   198 ||   463
  Dodge: Dodged            |    38 |    76 |    99 |   249 |   184 ||   646
  Block: Buckler           |    14 |    47 |   108 |   394 |   237 ||   800
         Reflection        |       |       |     1 |     2 |     1 ||     4

Table legend: (Time is in decaauts)
 A = Elapsed time spent in this place.
 B = Non-inter-level travel time spent in this place.
 C = Inter-level travel time spent in this place.
 D = Time resting spent in this place.
 E = Time spent auto-exploring this place.
 F = Levels seen in this place.
 G = Mean time per level.
                   A        B        C        D        E       F      G
               +--------+--------+--------+--------+--------+-----+--------+
         Total |  17057 |  16107 |    950 |    769 |  10902 |  19 |  897.7 |
       Dungeon |  11322 |  10665 |    657 |    557 |   6743 |  13 |  870.9 |
        Temple |    205 |    170 |     35 |      0 |    142 |   1 |  205.0 |
          Lair |   5528 |   5270 |    258 |    212 |   4017 |   5 | 1105.6 |
               +--------+--------+--------+--------+--------+-----+--------+

Top non-repeatable levels by time:
  Lair:2: 1653 daAuts
    D:11: 1591 daAuts
  Lair:4: 1250 daAuts
  Lair:1: 1201 daAuts
     D:9: 1110 daAuts
  Lair:3: 1015 daAuts
     D:3: 964 daAuts
     D:8: 952 daAuts
     D:5: 937 daAuts
    D:10: 884 daAuts
     D:1: 826 daAuts
     D:7: 810 daAuts
     D:6: 808 daAuts
    D:13: 790 daAuts
     D:2: 680 daAuts
